 Dungeon Crawl Stone Soup version 0.31-a0-182-gc5ef74bbde (webtiles) character file.

Game seed: 8363134544965762306

22 ytrimaz the Grave Robber (level 2, -1/19 HPs)
             Began as a Mummy Necromancer on June 21, 2023.
             Slain by a hobgoblin (5 damage)
             ... led by Robin
             ... on level 2 of the Dungeon.
             The game lasted 00:01:25 (1195 turns).

ytrimaz the Grave Robber (Mummy Necromancer)        Turns: 1195, Time: 00:01:26

Health: -1/19      AC:  3    Str: 11    XL:     2   Next: 68%
Magic:  1/6        EV: 12    Int: 14    God:
Gold:   84         SH:  0    Dex: 12    Spells: 7/8 levels left

rFire   x . .        (no weapon)
rCold   + . .        (no shield)
rNeg    + + +        a - +1 robe
rPois   ∞            (no helmet)
rElec   .            (no cloak)
rCorr   .            (no gloves)
SInv    .            (no boots)
Will    .....        (no amulet)
Stlth   ++           (no ring)
HPRegen 0.23/turn    (no ring)
MPRegen 0.10/turn

%: faith
@: no status effects
A: cold resistance 1, negative energy resistance 3, torment resistance 2, heat
vulnerability 1, no potions, faith
a: no special abilities


You were on level 2 of the Dungeon.
You visited 1 branch of the dungeon, and saw 2 of its levels.

You collected 84 gold pieces.


Innate Abilities, Weirdness & Mutations

You are immune to poison.
Your flesh is cold resistant. (rC+)
You are immune to negative energy. (rN+++)
You are immune to unholy pain and torment.
You are vulnerable to heat. (rF-)
You do not drink.
You have a special connection with the divine. (Faith)


   Skills:
 - Level 1.5 Dodging
 - Level 1.5 Stealth
 + Level 3.5 Spellcasting
 + Level 4.4 Necromancy


You had 7 spell levels left.
You knew the following spells:

 Your Spells              Type           Power      Damage    Failure   Level
a - Necrotise             Necr           56%        1d6       3%          1

Your spell library contained the following spells:

 Spells                   Type           Power      Damage    Failure   Level
 Vampiric Draining        Necr           14%        2d7       10%         3
 Animate Dead             Necr           14%        N/A       32%         4
 Agony                    Necr           14%        N/A       67%         5

Inventory:

Armour
 a - a +1 robe (worn)

Dungeon Overview and Level Annotations

Branches:
Dungeon (2/15) Zot: 10803

Altars:

Annotations:
D:2 Robin

#g# #.# #.# #.# #.#.#
#.# #.# #.#.# #.#
##.########.#.##### #.#
#>................. #.#
#..................
#.###..########........
#.............'........
######..#######@.gg...g
#..........g.g..g...
#.†........ggg.....g
#...........########
#...........#####
#.................
#......##......##.
#####..###....## #...
##..##


You could see Robin, a hobgoblin (strong) and 8 goblins.


Message History

There is a stone staircase leading down here.
The ball python hisses angrily.
The ball python writhes in agony.
You kill the ball python!
The dead are slithering! 😎 MP[-1]
You lost 1 mp, and now have 5/6 mp.
A slug dart appears from out of your range of vision.
The slug dart hits your ball python skeleton.
You can't see any susceptible monsters within range! (Use Z to cast anyway.)
A slug dart appears from out of your range of vision.
The slug dart hits your ball python skeleton.
Your ball python skeleton is destroyed!
Okay, then. 😎 MP[+1]
Your mp is fully restored (6).
A dart slug comes into view.
The dart slug moves out of view.
A dart slug is nearby!
The dart slug writhes in agony. 😎 MP[-1]
You lost 1 mp, and now have 5/6 mp.
The dart slug writhes in agony.
You kill the dart slug! 😎 MP[-1]
You lost 1 mp, and now have 4/6 mp.
You can't see any susceptible monsters within range! (Use Z to cast anyway.)
You can't see any susceptible monsters within range! (Use Z to cast anyway.)
An endoplasm comes into view.
The endoplasm quivers. 😎 MP[+2]
Your mp is fully restored (6).
An endoplasm is nearby!
An endoplasm is nearby!
An endoplasm is nearby!
The endoplasm writhes in agony. 😎 MP[-1]
You lost 1 mp, and now have 5/6 mp.
A goblin comes into view. It is wielding a +0 dagger.
Robin shouts!
The goblin shouts!
You hear a shout! x3
Robin roars a battlecry!
The goblin goes into a battle-frenzy!
The endoplasm barely resists. 😎 MP[-1]
You lost 1 mp, and now have 4/6 mp.
The endoplasm writhes in agony.
The endoplasm freezes you.
You are frozen.
You resist. 😕 HP[-2] MP[-1]
You take 2 damage, and now have 17/19 hp.
You lost 1 mp, and now have 3/6 mp.
The endoplasm barely resists.
A hobgoblin comes into view.
A goblin comes into view. It is wielding a +0 dagger.
The endoplasm barely misses you. 😕 MP[-1]
You lost 1 mp, and now have 2/6 mp.
Unknown command.
The endoplasm writhes in agony.
Robin throws the goblin at you!
A goblin comes into view. It is wielding a +0 dagger.
A goblin comes into view. It is wielding a +0 club.
The goblin misses you.
The endoplasm closely misses you. 😕 MP[-1]
You lost 1 mp, and now have 1/6 mp.
The endoplasm writhes in agony.
You kill the endoplasm!
The goblin shouts! x2; You hear a shout!
The goblin hits you but does no damage.
Robin throws the goblin at you! 😕 HP[+1] MP[-1]
You lost 1 mp, and now have 0/6 mp.
You barely miss the goblin. The goblin hits you with a +0 dagger.
A goblin comes into view. It is wielding a +0 dagger.
The goblin closely misses you.
Robin laughs in a distinctly smug fashion.
Robin throws the goblin at you! 😮 HP[-4]
You take 4 damage, and now have 14/19 hp.
MASSIVE DAMAGE!! (PAUSE)
As you read the scroll labelled WURIEH ELLER KAQ, it crumbles to dust.
It is a scroll of enchant armour.
Your +0 robe glows green for a moment.
The goblin hits you with a +0 dagger. x2
The goblin closely misses you.
As you read the scroll labelled TURO YNOMAYB, it crumbles to dust.
It is a scroll of identify.
You don't currently have any unidentified items.
The goblin hits you with a +0 dagger.
* * * LOW HITPOINT WARNING * * *
The goblin barely misses you.
The goblin hits you but does no damage. 😨 HP[-8] MP[+1]
You take 8 damage, and now have 6/19 hp.
MASSIVE DAMAGE!! (PAUSE)
The goblin barely misses you. The goblin hits you with a +0 dagger.
* * * LOW HITPOINT WARNING * * *
A goblin comes into view. It is wielding a +0 club. x2 😱 HP[-3]
You take 3 damage, and now have 3/19 hp.
The goblin attacks as you move away! The goblin hits you but does no damage.
The goblin shouts! x2
The hobgoblin hits you.
You die...

Skill      XL: |  1 |
---------------+----+-----
Spellcasting   | 3 |  3.5
Dodging        | |  1.5
Stealth        | |  1.5
Necromancy     | |  4.4

Action                     || total
---------------------------++-------
  Melee: Unarmed           ||    21
   Cast: Necrotise         ||    43
    Use: Scroll            ||     2
 Armour: Robe              ||    17
  Dodge: Dodged            ||    37

Levels and vault maps discovered:
D:1:      beargit_arrival_diablo_church, layout_basic,
          shapermc_ecumenical_altar_petra
D:2:      layout_basic, basic_altar, minivault_19, uniq_natasha, uniq_robin

Notes
Turn   | Place    | Note
-------+----------+-------------------------------------------
     0 | D:1      | ytrimaz the Mummy Necromancer began the quest for the Orb.
     0 | D:1      | Reached XP level 1. HP: 13/13 MP: 4/4
     0 | D:1      | magus.rc [v1.9.6]
   214 | D:1      | You fall into a shaft and drop 1 floor!
   359 | D:2      | Noticed Robin
   387 | D:2      | Reached skill level 3 in Spellcasting
   539 | D:1      | Reached XP level 2. HP: 19/19 MP: 3/6
   921 | D:1      | Found a faded altar of an unknown god.
  1194 | D:2      | HP: 3/19 [goblin/+0 dagger[Robin] (3)]
  1195 | D:2      | Slain by a hobgoblin

Vanquished Creatures
  A dart slug (D:2)
  4 ball pythons
  A bat (D:1)
  2 endoplasms
  A giant cockroach (D:1)
  4 hobgoblins
  2 goblins
  A rat (D:1)
16 creatures vanquished.

Vanquished Creatures (collateral kills)
  A goblin (D:2)
1 creature vanquished.

Grand Total: 17 creatures vanquished

Table legend:
 A = Non-vault XP
 B = Vault XP
 C = Vault XP percentage of total XP
 D = Non-vault monster count
 E = Vault monster count
 F = Vault count percentage of total count
                 A         B        C        D         E       F
            +---------+---------+-------+---------+---------+-------
      Total |      31 |       1 |   3.1 |      16 |       1 |   5.9
            +---------+---------+-------+---------+---------+-------
        D:1 |      20 |       0 |   0.0 |      11 |       0 |   0.0
        D:2 |      11 |       1 |   8.3 |       5 |       1 |  16.7
            +---------+---------+-------+---------+---------+-------

Skill      XL: |  1 |
---------------+----+-----
Spellcasting   | 3 |  3.5
Dodging        | |  1.5
Stealth        | |  1.5
Necromancy     | |  4.4

Action                     || total
---------------------------++-------
  Melee: Unarmed           ||    21
   Cast: Necrotise         ||    43
    Use: Scroll            ||     2
 Armour: Robe              ||    17
  Dodge: Dodged            ||    37

Illustrated notes

Table legend:
 A = Kills in this place as a percentage of kills in the entire game.
 B = Kills by you in this place as a percentage of kills by you in the entire game.
 C = Kills by friends in this place as a percentage of kills by friends in the entire game.
 D = Other kills in this place as a percentage of other kills in the entire game.
 E = Experience gained in this place as a percentage of experience gained in the entire game.
 F = Experience gained in this place divided by the number of levels of this place that you have seen.
                   A       B       C       D       E      F
               +-------+-------+-------+-------+-------+----------------------
         Total | 100.0 | 100.0 | 100.0 |   N/A | 100.0 |  16.0
       Dungeon | 100.0 | 100.0 | 100.0 |   N/A | 100.0 |  16.0
               +-------+-------+-------+-------+-------+----------------------

Table legend: (Time is in decaauts)
 A = Elapsed time spent in this place.
 B = Non-inter-level travel time spent in this place.
 C = Inter-level travel time spent in this place.
 D = Time resting spent in this place.
 E = Time spent auto-exploring this place.
 F = Levels seen in this place.
 G = Mean time per level.
                   A        B        C        D        E       F      G
               +--------+--------+--------+--------+--------+-----+--------+
         Total |   1195 |   1149 |     46 |     42 |    916 |   2 |  597.5 |
       Dungeon |   1195 |   1149 |     46 |     42 |    916 |   2 |  597.5 |
               +--------+--------+--------+--------+--------+-----+--------+

Top non-repeatable levels by time:
     D:1: 857 daAuts
     D:2: 338 daAuts
